CAL (WIN)
CLEARWATER THRESHERS @ RICHMOND FLYING SQUIRRELS
11/27/2046
 
TOP OF THE 1ST
Clearwater Threshers batting - Pitching for Richmond Flying Squirrels : LHP Hector Jimenez
Pitching: LHP Hector Jimenez
Batting: RHB Jake Cox 0-0: Called Strike
0-1: SOLO HOME RUN (Flyball, 78XD, EV 105.0 MPH), Distance : 412 ft
Batting: LHB Alex Fernandez 0-0: Ball
1-0: Ball
2-0: Foul Ball, location: 2F
2-1: Ball
3-1: DOUBLE (Line Drive, 89D, EV 107.5 MPH)
Batting: RHB Mark Schultz 0-0: Ground out 6-3 (Groundball, 6, EV 90.6 MPH)
Alex Fernandez to third
Batting: RHB Carlos Morejon 0-0: Called Strike
0-1: Ball
1-1: Foul Ball, location: 2F
1-2: Ground out U3 (Groundball, 3, EV 80.6 MPH)
Batting: SHB Bob Dixon 0-0: Called Strike
0-1: Foul Ball, location: 2F
0-2: Ball
1-2: Ground out 6-3 (Groundball, 6, EV 91.2 MPH)
Top of the 1st over - 1 run, 2 hits, 0 errors, 1 left on base; Clearwater 1 - Richmond 0
BOTTOM OF THE 1ST
Richmond Flying Squirrels batting - Pitching for Clearwater Threshers : LHP Eddie San Miguel
Pitching: LHP Eddie San Miguel
Batting: SHB David Barona 0-0: Ball
1-0: Ball
2-0: DOUBLE (Line Drive, 89D, EV 109.4 MPH)
Batting: LHB Gil Caraveo 0-0: Ball
1-0: Ball
2-0: Ball
3-0: Called Strike
3-1: Foul Ball, location: 2F
3-2: Ground out 4-3 (Groundball, 4, EV 91.9 MPH)
David Barona to third
Batting: RHB Jonathan Reece 0-0: Foul Ball, location: 2F
0-1: SINGLE (Groundball, 4MD, EV 96.9 MPH)
David Barona scores
Batting: RHB Matt Shepard 0-0: Called Strike
0-1: Grounds into double play, 4-6-3 (Groundball, 4, EV 85.6 MPH)
Bottom of the 1st over - 1 run, 2 hits, 0 errors, 0 left on base; Clearwater 1 - Richmond 1
TOP OF THE 2ND
Clearwater Threshers batting - Pitching for Richmond Flying Squirrels : LHP Hector Jimenez
Batting: RHB Victor Arroyo 0-0: Ball
1-0: Ball
2-0: Ball
3-0: Called Strike
3-1: Base on Balls
Batting: SHB Marco de Leon 0-0: Ball
1-0: 2-RUN HOME RUN (Flyball, 7LD, EV 92.5 MPH), Distance : 339 ft
Batting: RHB Roberto Ruiz 0-0: Ball
1-0: Called Strike
1-1: Foul Ball, location: 2F
1-2: Ground out 3-1 (Groundball, 34, EV 85.0 MPH)
Batting: RHB Vaclav Been 0-0: Foul Ball, location: 2F
0-1: Ball
1-1: Ball
2-1: Fly out, F8 (Flyball, 8LD, EV 85.6 MPH)
Batting: RHB Jake Cox 0-0: Foul Ball, location: 2F
0-1: Fly out, F8 (Line Drive, 8RM, EV 93.1 MPH)
Top of the 2nd over - 2 runs, 1 hit, 0 errors, 0 left on base; Clearwater 3 - Richmond 1
BOTTOM OF THE 2ND
Richmond Flying Squirrels batting - Pitching for Clearwater Threshers : LHP Eddie San Miguel
Batting: RHB Ian Richardson 0-0: Foul Ball, location: 2F
0-1: Ball
1-1: Foul Ball, location: 2F
1-2: Strikes out swinging
Batting: LHB Gabe Velez 0-0: Ball
1-0: Foul Ball, location: 2F
1-1: Swinging Strike
1-2: Foul Ball, location: 2F
1-2: Foul Ball, location: 2F
1-2: Ball
2-2: Strikes out swinging
Batting: RHB Omar Jordan 0-0: Ball
1-0: Called Strike
1-1: Ball
2-1: Ball
3-1: Foul Ball, location: 2F
3-2: Foul Ball, location: 2F
3-2: Base on Balls
Batting: RHB Micah McErlean 0-0: Ball
Omar Jordan steals 2nd base
1-0: Foul Ball, location: 2F
1-1: SINGLE (Flyball, 8LS, EV 95.6 MPH)
Omar Jordan to third
Runner from 3rd tries for Home, SAFE, throw by CF to home
Batting: RHB Willie Sanchez 0-0: Fly out, F9 (Flyball, 89D, EV 107.5 MPH)
Bottom of the 2nd over - 1 run, 1 hit, 0 errors, 1 left on base; Clearwater 3 - Richmond 2
TOP OF THE 3RD
Clearwater Threshers batting - Pitching for Richmond Flying Squirrels : LHP Hector Jimenez
Batting: LHB Alex Fernandez 0-0: Ball
1-0: Foul Ball, location: 2F
1-1: Ground out 6-3 (Groundball, 6, EV 103.1 MPH)
Batting: RHB Mark Schultz 0-0: Ball
1-0: Swinging Strike
1-1: Ball
2-1: Ball
3-1: Swinging Strike
3-2: Base on Balls
Batting: RHB Carlos Morejon 0-0: Ball
1-0: Ball
2-0: Foul Ball, location: 2F
2-1: Ball
3-1: SINGLE (Line Drive, 8LS, EV 100.6 MPH)
Mark Schultz to second
Runner from 2nd tries for 3rd, SAFE, no throw by CF
Batting: SHB Bob Dixon 0-0: Foul Ball, location: 2F
0-1: Ball
1-1: 3-RUN HOME RUN (Flyball, 89XD, EV 94.4 MPH) (Inside the Park)
Batting: RHB Victor Arroyo 0-0: Swinging Strike
0-1: Ball
1-1: Ball
2-1: Called Strike
2-2: Ball
3-2: Strikes out swinging
Pitching: RHP Omar Rondon
Batting: SHB Marco de Leon 0-0: Called Strike
0-1: Ball
1-1: Ground out 4-3 (Groundball, 4, EV 83.8 MPH)
Top of the 3rd over - 3 runs, 2 hits, 0 errors, 0 left on base; Clearwater 6 - Richmond 2
BOTTOM OF THE 3RD
Richmond Flying Squirrels batting - Pitching for Clearwater Threshers : LHP Eddie San Miguel
Batting: SHB David Barona 0-0: Ball
1-0: Called Strike
1-1: Foul Ball, location: 2F
1-2: Ball
2-2: Ball
3-2: Foul Ball, location: 2F
3-2: Base on Balls
Batting: LHB Gil Caraveo 0-0: Called Strike
David Barona is caught stealing 2nd base 2-6
0-1: Called Strike
0-2: Ball
1-2: Ball
2-2: Ground out 4-3 (Groundball, 4D, EV 111.2 MPH)
Batting: RHB Jonathan Reece 0-0: Ball
1-0: Ball
2-0: Ball
3-0: Base on Balls
Batting: RHB Matt Shepard 0-0: Fly out, F8 (Line Drive, 8RM, EV 93.8 MPH)
Bottom of the 3rd over - 0 runs, 0 hits, 0 errors, 1 left on base; Clearwater 6 - Richmond 2
TOP OF THE 4TH
Clearwater Threshers batting - Pitching for Richmond Flying Squirrels : RHP Omar Rondon
Batting: RHB Roberto Ruiz 0-0: DOUBLE (Line Drive, 78D, EV 108.1 MPH)
Batting: RHB Vaclav Been 0-0: Fly out, F9 (Flyball, 9D, EV 100.6 MPH)
Batting: RHB Jake Cox 0-0: Ball
1-0: Swinging Strike
1-1: SINGLE (Flyball, 6D, EV 83.8 MPH)
Roberto Ruiz to third
Batting: LHB Alex Fernandez 0-0: Ball
1-0: Called Strike
1-1: Grounds into double play, 4-6-3 (Groundball, 4, EV 86.9 MPH)
Top of the 4th over - 0 runs, 2 hits, 0 errors, 1 left on base; Clearwater 6 - Richmond 2
BOTTOM OF THE 4TH
Richmond Flying Squirrels batting - Pitching for Clearwater Threshers : LHP Eddie San Miguel
Batting: RHB Ian Richardson 0-0: Called Strike
0-1: Foul Ball, location: 2F
0-2: Strikes out swinging
Batting: LHB Gabe Velez 0-0: Ball
1-0: Swinging Strike
1-1: Ball
2-1: Foul Ball, location: 2F
2-2: Ball
3-2: Base on Balls
Batting: RHB Omar Jordan 0-0: Called Strike
0-1: Foul Ball, location: 2F
0-2: Ball
1-2: Ball
2-2: Ball
3-2: Base on Balls
Gabe Velez to second
Batting: RHB Micah McErlean 0-0: Ball
1-0: SINGLE (Groundball, 6D, EV 95.6 MPH)
Gabe Velez to third
Omar Jordan to second
Runner from 3rd tries for Home, SAFE, throw by CF to home
Batting: RHB Willie Sanchez 0-0: Called Strike
0-1: Ball
1-1: Foul Ball, location: 2F
1-2: Strikes out swinging
Batting: SHB David Barona 0-0: Ball
1-0: Foul Ball, location: 2F
1-1: SINGLE (Groundball, 56S, EV 60.6 MPH) (infield hit)
Omar Jordan to third
Micah McErlean to second
Batting: LHB Gil Caraveo 0-0: Ball
1-0: Fly out, F8 (Flyball, 8RM, EV 92.5 MPH)
Bottom of the 4th over - 1 run, 2 hits, 0 errors, 3 left on base; Clearwater 6 - Richmond 3
TOP OF THE 5TH
Clearwater Threshers batting - Pitching for Richmond Flying Squirrels : RHP Omar Rondon
Batting: RHB Mark Schultz 0-0: Ball
1-0: Foul Ball, location: 2F
1-1: Ball
2-1: Ball
3-1: Swinging Strike
3-2: Strikes out looking
Batting: RHB Carlos Morejon 0-0: Ball
1-0: Ball
2-0: Called Strike
2-1: Foul Ball, location: 2F
2-2: Ball
3-2: Strikes out looking
Batting: SHB Bob Dixon 0-0: Ball
1-0: Called Strike
1-1: Ball
2-1: Foul Ball, location: 2F
2-2: Foul Ball, location: 2F
2-2: Fly out, F3 (Popup, 34, EV 69.4 MPH)
Top of the 5th over - 0 runs, 0 hits, 0 errors, 0 left on base; Clearwater 6 - Richmond 3
BOTTOM OF THE 5TH
Richmond Flying Squirrels batting - Pitching for Clearwater Threshers : LHP Eddie San Miguel
Batting: RHB Jonathan Reece 0-0: DOUBLE (Line Drive, 89XD, EV 105.0 MPH)
Batting: RHB Matt Shepard 0-0: Called Strike
Jonathan Reece steals 3rd base
0-1: Called Strike
0-2: Foul Ball, location: 2F
0-2: Foul Ball, location: 2F
0-2: Ball
1-2: Foul Ball, location: 2F
1-2: DOUBLE (Groundball, 5L, EV 106.9 MPH)
Jonathan Reece scores
Pitching: RHP Georgs Felitti
Batting: RHB Ian Richardson 0-0: Swinging Strike
0-1: Fly out, F8 (Flyball, 8RXD, EV 81.9 MPH)
Runner from 2nd tags up, SAFE at 3rd, no throw by CF
Batting: LHB Gabe Velez 0-0: Ball
1-0: DOUBLE (Line Drive, 9LD, EV 113.8 MPH)
Matt Shepard scores
Batting: RHB Omar Jordan 0-0: Called Strike
0-1: Ball
1-1: 2-RUN HOME RUN (Flyball, 9D, EV 104.4 MPH), Distance : 373 ft
Batting: RHB Micah McErlean 0-0: Ball
1-0: Foul Ball, location: 2F
1-1: Ground out 6-3 (Groundball, 6, EV 83.8 MPH)
Batting: RHB Willie Sanchez 0-0: Called Strike
0-1: Ball
1-1: Foul Ball, location: 2F
1-2: Ball
2-2: Ball
3-2: Foul Ball, location: 2F
3-2: Strikes out swinging
Bottom of the 5th over - 4 runs, 4 hits, 0 errors, 0 left on base; Clearwater 6 - Richmond 7
TOP OF THE 6TH
Clearwater Threshers batting - Pitching for Richmond Flying Squirrels : RHP Omar Rondon
Batting: RHB Victor Arroyo 0-0: Ball
1-0: Called Strike
1-1: Ball
2-1: Foul Ball, location: 2F
2-2: Foul Ball, location: 2F
2-2: Ball
3-2: Ground out 6-3 (Groundball, 6, EV 110.6 MPH)
Batting: SHB Marco de Leon 0-0: Called Strike
0-1: Called Strike
0-2: Ball
1-2: Ball
2-2: Strikes out swinging
Batting: RHB Roberto Ruiz 0-0: Ball
1-0: Ball
2-0: Ball
3-0: Base on Balls
Batting: RHB Vaclav Been 0-0: Called Strike
0-1: Foul Ball, location: 2F
0-2: Hit by Pitch
Roberto Ruiz to second
Batting: RHB Jake Cox 0-0: Swinging Strike
0-1: Called Strike
0-2: Ball
1-2: Ball
2-2: SINGLE (Groundball, 6M, EV 83.8 MPH) (infield hit)
Roberto Ruiz to third
Vaclav Been to second
Pitching: RHP Kevin Spencer
Batting: LHB Alex Fernandez 0-0: Foul Ball, location: 2F
0-1: Swinging Strike
0-2: Ball
1-2: Foul Ball, location: 2F
1-2: Ground out 6-3 (Groundball, P, EV 84.4 MPH)
Top of the 6th over - 0 runs, 1 hit, 0 errors, 3 left on base; Clearwater 6 - Richmond 7
BOTTOM OF THE 6TH
Richmond Flying Squirrels batting - Pitching for Clearwater Threshers : RHP Georgs Felitti
Batting: SHB David Barona 0-0: Ball
1-0: Ball
2-0: Ball
3-0: Foul Ball, location: 2F
3-1: Swinging Strike
3-2: Fly out, F4 (Flyball, 34D, EV 91.9 MPH)
Batting: LHB Gil Caraveo 0-0: Called Strike
0-1: Swinging Strike
0-2: Strikes out swinging
Batting: RHB Jonathan Reece 0-0: Foul Ball, location: 2F
0-1: Called Strike
0-2: Ball
1-2: Strikes out swinging
Bottom of the 6th over - 0 runs, 0 hits, 0 errors, 0 left on base; Clearwater 6 - Richmond 7
TOP OF THE 7TH
Clearwater Threshers batting - Pitching for Richmond Flying Squirrels : RHP Kevin Spencer
Batting: RHB Mark Schultz 0-0: Ball
1-0: Foul Ball, location: 2F
1-1: Called Strike
1-2: Ball
2-2: SINGLE (Flyball, 8LS, EV 89.4 MPH)
Batting: RHB Carlos Morejon 0-0: Called Strike
Mark Schultz steals 2nd base (no throw)
0-1: Hit by Pitch
Batting: SHB Bob Dixon 0-0: Ball
1-0: Foul Ball, location: 2F
1-1: Ball
2-1: Swinging Strike
2-2: Ball
3-2: Foul Ball, location: 2F
3-2: Base on Balls
Mark Schultz to third
Carlos Morejon to second
Batting: RHB Victor Arroyo 0-0: Ball
1-0: Called Strike
1-1: Called Strike
1-2: Strikes out looking
Batting: SHB Marco de Leon 0-0: Ball
1-0: Called Strike
1-1: Swinging Strike
1-2: Ball
2-2: Ball
3-2: Base on Balls
Mark Schultz scores
Carlos Morejon to third
Bob Dixon to second
Batting: RHB Roberto Ruiz 0-0: Swinging Strike
0-1: Swinging Strike
0-2: Ball
1-2: Strikes out looking
Pinch Hitting: SHB Brett St. Clair 0-0: Ball
1-0: Ball
2-0: Foul Ball, location: 2F
2-1: Ground out 4-3 (Groundball, 4, EV 85.0 MPH)
Top of the 7th over - 1 run, 1 hit, 0 errors, 3 left on base; Clearwater 7 - Richmond 7
BOTTOM OF THE 7TH
Richmond Flying Squirrels batting - Pitching for Clearwater Threshers : RHP Georgs Felitti
Pitching: LHP Scott Hopkins
Now in LF: Brett St. Clair
Batting: RHB Matt Shepard 0-0: Ball
1-0: Ball
2-0: Ball
3-0: Foul Ball, location: 2F
3-1: Called Strike
3-2: Base on Balls
Batting: RHB Ian Richardson 0-0: Ball
Matt Shepard steals 2nd, throwing error, E2
Matt Shepard to third
1-0: Swinging Strike
1-1: Ball
2-1: Foul Ball, location: 2F
2-2: Strikes out swinging
Batting: LHB Gabe Velez 0-0: Ball
1-0: Ball
2-0: Fly out, F9 (Flyball, 9, EV 91.2 MPH)
Runner from 3rd tags up, OUT at HOME! 9-2
Bottom of the 7th over - 0 runs, 0 hits, 1 error, 0 left on base; Clearwater 7 - Richmond 7
TOP OF THE 8TH
Clearwater Threshers batting - Pitching for Richmond Flying Squirrels : RHP Kevin Spencer
Batting: RHB Jake Cox 0-0: Ball
1-0: Called Strike
1-1: SOLO HOME RUN (Flyball, 78XD, EV 106.9 MPH), Distance : 399 ft
Batting: LHB Alex Fernandez 0-0: Ball
1-0: Ball
2-0: Ground out 4-3 (Groundball, 4MD, EV 89.4 MPH)
Batting: RHB Mark Schultz 0-0: Called Strike
0-1: Ball
1-1: Ball
2-1: Ground out 4-3 (Groundball, 4M, EV 85.0 MPH)
Batting: RHB Carlos Morejon 0-0: Ball
1-0: Ball
2-0: Ground out 6-3 (Groundball, 6, EV 82.5 MPH)
Top of the 8th over - 1 run, 1 hit, 0 errors, 0 left on base; Clearwater 8 - Richmond 7
BOTTOM OF THE 8TH
Richmond Flying Squirrels batting - Pitching for Clearwater Threshers : LHP Scott Hopkins
Batting: RHB Omar Jordan 0-0: Ball
1-0: Called Strike
1-1: Ground out 4-3 (Groundball, 34, EV 106.2 MPH)
Batting: RHB Micah McErlean 0-0: Called Strike
0-1: Ground out 1-3 (Groundball, 13, EV 66.9 MPH)
Batting: RHB Willie Sanchez 0-0: Swinging Strike
0-1: Ball
1-1: Swinging Strike
1-2: Ball
2-2: Ground out 6-3 (Groundball, 15, EV 86.2 MPH)
Bottom of the 8th over - 0 runs, 0 hits, 0 errors, 0 left on base; Clearwater 8 - Richmond 7
TOP OF THE 9TH
Clearwater Threshers batting - Pitching for Richmond Flying Squirrels : RHP Kevin Spencer
Pitching: RHP Damian Molina
Batting: SHB Bob Dixon 0-0: Ball
1-0: Foul Ball, location: 2F
1-1: Ball
2-1: Foul Ball, location: 2F
2-2: Strikes out swinging, 2-3 out at first.
Batting: RHB Victor Arroyo 0-0: Ball
1-0: Ball
2-0: Ball
3-0: Base on Balls
Batting: SHB Marco de Leon 0-0: Foul Ball, location: 2F
0-1: Foul Ball, location: 2F
0-2: Foul Ball, location: 2F
0-2: Strikes out looking
Batting: RHB Roberto Ruiz 0-0: Swinging Strike
0-1: Foul Ball, location: 2F
0-2: Ball
1-2: Ball
2-2: Ball
3-2: Strikes out looking
Top of the 9th over - 0 runs, 0 hits, 0 errors, 1 left on base; Clearwater 8 - Richmond 7
BOTTOM OF THE 9TH
Richmond Flying Squirrels batting - Pitching for Clearwater Threshers : LHP Scott Hopkins
Pitching: RHP Ben Clayton
Now at 2B: Mark Schultz
Now at 3B: Steve Jones
Now at SS: Pablo Lopez
Now in LF: Joe Hewitt
Now in RF: Brett St. Clair
Batting: SHB David Barona 0-0: Called Strike
0-1: Ball
1-1: Ball
2-1: Foul Ball, location: 2F
2-2: Foul Ball, location: 2F
2-2: Ball
3-2: Base on Balls
Batting: LHB Gil Caraveo 0-0: Called Strike
David Barona steals 2nd base
0-1: Ball
1-1: Bunted foul
1-2: Foul Ball, location: 2F
1-2: Foul Ball, location: 2F
1-2: Foul Ball, location: 2F
1-2: Ground out 3-1 (Groundball, 34S, EV 79.4 MPH)
David Barona to third
Batting: LHB John Whitman 0-0: Called Strike
0-1: Ball
1-1: Foul Ball, location: 2F
1-2: Strikes out looking
Pinch Hitting: LHB Nate Conley 0-0: Called Strike
0-1: Called Strike
0-2: Ball
1-2: Foul Ball, location: 2F
1-2: Ball
2-2: Strikes out swinging
Bottom of the 9th over - 0 runs, 0 hits, 0 errors, 1 left on base; Clearwater 8 - Richmond 7
Tuesday, September 13th , 2022 - OOTP Baseball 23.7 Build 88